 Dungeon Crawl Stone Soup version 0.30.1-4-g462c640d31 (webtiles) character file.

Game seed: 3082446547696611393

108 booth the Trooper (level 4, -5/37 HPs)
             Began as a Demonspawn Monk on Aug 12, 2023.
             Slain by an orc wizard
             ... wielding a +3 dagger of electrocution
              (18 damage)
             ... on level 3 of the Dungeon.
             The game lasted 00:11:30 (1690 turns).

booth the Trooper (Demonspawn Monk)                 Turns: 1690, Time: 00:11:31

Health: -5/37      AC:  3    Str: 13    XL:     4   Next: 58%
Magic:  4/4        EV: 13    Int: 12    God:
Gold:   146        SH:  0    Dex: 15    Spells: 3/3 levels left

rFire   . . .        a - +1 hand axe (venom)
rCold   . . .        d - orb {light}
rNeg    . . .        b - +0 robe
rPois   .            (no helmet)
rElec   .            (no cloak)
rCorr   .            (no gloves)
SInv    .            (no boots)
Will    .....        (no amulet)
Stlth   +            (no ring)
HPRegen 0.26/turn    (no ring)
MPRegen 0.09/turn

%: no passive effects
@: glowing
A: sharp scales 1
a: no special abilities


You were on level 3 of the Dungeon.
You visited 1 branch of the dungeon, and saw 3 of its levels.

You collected 146 gold pieces.

Inventory:

Hand Weapons
 a - a +1 hand axe of venom (weapon)
 f - a +0 flail
 h - a +0 mace
Missiles
 k - 3 poisoned darts (quivered)
Armour
 b - a +0 robe (worn)
 d - an orb of light (worn)
Jewellery
 n - an amulet of the acrobat
Scrolls
 e - a scroll of identify
 i - a scroll of fear
 j - 2 scrolls of torment
 l - a scroll of magic mapping {unknown}
Potions
 c - a potion of ambrosia
 g - 2 potions of curing


   Skills:
 + Level 3.8 Fighting
 * Level 3.5(3.6) Axes
 + Level 0.3(2.2) Maces & Flails
 + Level 3.5 Dodging
 + Level 0.2 Spellcasting


You had 3 spell levels left.
You didn't know any spells.
Your spell library contained the following spells:

 Spells                   Type           Power      Damage    Failure   Level
 Blink                    Tloc           0%         N/A       45%         2
 Lesser Beckoning         Tloc           0%         N/A       45%         2
 Momentum Strike          Conj/Tloc      0%         3d8       45%         2


Dungeon Overview and Level Annotations

Branches:
Dungeon (3/15)

Altars:


Innate Abilities, Weirdness & Mutations

You are partially covered in razor-sharp scales. (AC +1, Slay +1)


Message History

An orc comes into view. It is wielding a +0 dagger.
The orc shouts!
An orc comes into view. It is wielding a +0 falchion.
An orc comes into view. It is wielding a +0 falchion.
The orc shouts!
The orc wizard casts a spell at you. The puff of flame misses you.
The orc shouts!
The goblin hits you but does no damage. The orc closely misses you.
You barely miss the orc. You closely miss the goblin. The goblin misses you.
The orc completely misses you.
You hit the orc.
The orc is poisoned.
The orc is heavily wounded.
You hit the goblin.
You kill the goblin!
You hit the orc wizard.
The orc wizard is poisoned.
The orc wizard is lightly wounded.
You barely miss the orc.
You kill the orc!
The orc closely misses you.
You hit the orc wizard.
The orc wizard looks as sick as possible!
The orc wizard is moderately wounded.
You hit the orc.
The orc is poisoned.
The orc hits you but does no damage.
The orc wizard hits you with a +3 dagger of electrocution.
You are electrocuted!
You hit the orc wizard.
The orc wizard looks as sick as possible!
The orc wizard is heavily wounded.
You hit the orc but do no damage.
The orc looks even sicker.
The orc wizard hits you with a +3 dagger of electrocution.
The orc hits you with a +0 dagger.
You barely miss the orc wizard.
The orc wizard is heavily wounded.
You hit the orc.
You kill the orc!
The orc wizard misses you.
The orc wizard hits you but does no damage.
You are electrocuted!!
You die...

#.# ##'## #.# #.# ....
#.# #.# .... ####'####.#
..... ####.........#
..... #..'.....|...#
....$. #.##.........#
#......
#.##.........##o......
###.##........>.@oo.....
#...........##.###......
###########.##.# ......
#.##.# #......
#.##.##... ...
#.##.#.... .. #.##......
. #.##...... #.#.......


You could see an orc wizard (extremely poisoned) and 2 orcs.

Vanquished Creatures
  4 gnolls (D:2)
  2 adders (D:2)
  A dart slug (D:1)
  2 orcs (D:3)
  5 bats (D:1)
  2 endoplasms (D:2)
  2 giant cockroaches
  7 goblins
  5 hobgoblins
  6 quokkas
  3 ball pythons
  2 frilled lizards
  4 kobolds
  6 rats
51 creatures vanquished.

Notes
Turn   | Place    | Note
-------+----------+-------------------------------------------
     0 | D:1      | booth the Demonspawn Monk began the quest for the Orb.
     0 | D:1      | Reached XP level 1. HP: 18/18 MP: 1/1
   158 | D:1      | Gained mutation: You are partially covered in razor-sharp
                  | scales. (AC +1, Slay +1) [demonic ancestry]
   158 | D:1      | Reached XP level 2. HP: 20/24 MP: 2/2
   602 | D:2      | Reached XP level 3. HP: 29/29 MP: 3/3
   664 | D:2      | Reached XP level 4. HP: 13/37 MP: 4/4
  1690 | D:3      | Slain by an orc wizard

Illustrated notes

Levels and vault maps discovered:
D:1:      lightli_arrival_maybe_door_vault, layout_rooms,
          chequers_serial_rivers_micro_a
D:2:      layout_rooms
D:3:      layout_basic, hangedman_glass_teeth

Skill      XL: |  1  2 |
---------------+-------+-----
Dodging        | 3 |  3.5
Axes           | 3 |  3.5
Fighting       | |  3.8
Maces & Flails | |  0.3
Spellcasting   | |  0.2

Action                     |  1- 3 |  4- 6 || total
---------------------------+-------+-------++-------
  Melee: Hand axe          |    71 |    37 ||   108
    Use: Scroll            |     4 |     4 ||     8
         Potion            |     1 |       ||     1
 Armour: Robe              |    19 |    10 ||    29
  Dodge: Dodged            |    46 |    26 ||    72
